 Dungeon Crawl Stone Soup version 0.31.0-32-g396128a36d (webtiles) character file.

Game seed: 8424997192299920841

9660 gohu the Thaumaturge (level 11, 0/79 HPs)
             Began as a Djinni Fire Elementalist on Mar 12, 2024.
             Was an Elder of Makhleb.
             Slain by a black mamba (10 damage)
             ... on level 1 of the Lair of Beasts.
             The game lasted 00:23:09 (9334 turns).

gohu the Thaumaturge (Djinni Fire Elementalist)     Turns: 9334, Time: 00:23:09

Health: 0/79       AC: 10    Str:  7    XL:     11   Next: 78%
Gold:   468        EV: 14    Int: 20    God:    Makhleb [****..] SH:  0 Dex: 15

rFire   + + .        t - staff of cold
rCold   . . .        (no shield)
rNeg    . . .        v - +0 steam dragon scales
rPois   ∞            H - +2 hat
rElec   .            (no cloak)
rCorr   .            e - +1 pair of gloves
SInv    .            (boots unavailable)
Will    ++...        l - amulet of faith
Stlth   ++           k - ring of willpower
HPRegen 0.33/turn    (no ring)
MPRegen 0.00/turn

%: faith, infuse magic (-1 HP)
@: flying
A: sickness immunity, fire resistance 2, cold vulnerability 1, float, innate
caster, HP casting, extra vitality 1
a: Renounce Religion, Minor Destruction, Lesser Servant of Makhleb, Major
Destruction


You were on level 1 of the Lair of Beasts.
You worshipped Makhleb.
Makhleb was greatly pleased with you.
You visited 3 branches of the dungeon, and saw 11 of its levels.
You also visited: Ossuary.

You collected 650 gold pieces.
You spent 182 gold pieces at shops.

Inventory:

Armour
 a - a +0 robe
 e - a +1 pair of gloves (worn)
 v - +0 steam dragon scales (worn)
 D - a +0 tower shield
 H - a +2 hat (worn)
Magical Staves
 t - a staff of cold (weapon)
Jewellery
 c - an amulet of regeneration
 k - a ring of willpower (left hand)
 l - an amulet of faith (around neck)
Wands
 y - a wand of polymorph (2)
 C - a wand of light (10)
 E - a wand of flame (23)
Scrolls
 b - a scroll of poison
 f - 6 scrolls of teleportation
 h - a scroll of vulnerability {unknown}
 m - 2 scrolls of noise
 n - a scroll of brand weapon {unknown}
 p - 3 scrolls of fog
 r - a scroll of amnesia {unknown}
 B - 2 scrolls of blinking
 F - a scroll of torment {unknown}
 G - a scroll of fear
 I - a scroll of revelation {unknown}
 L - a scroll of identify
Potions
 d - a potion of cancellation
 g - 2 potions of attraction
 i - 2 potions of invisibility {unknown}
 j - 5 potions of curing {unknown}
 o - 4 potions of berserk rage {unknown}
 q - 2 potions of enlightenment {unknown}
 s - 2 potions of lignification {unknown}
 u - 5 potions of might {unknown}
 w - a potion of resistance
 x - a potion of ambrosia
 z - 5 potions of heal wounds {unknown}
 A - 3 potions of magic {unknown}
 J - a potion of degeneration {unknown}
 K - a potion of haste


   Skills:
 + Level 7.4 Fighting
 + Level 4.1 Armour
 + Level 5.2 Dodging
 - Level 1.5 Stealth
 * Level 11.5 Spellcasting
 * Level 11.5 Conjurations
 * Level 11.5 Hexes
   Level 0.0 Charms
 * Level 11.5 Summonings
 * Level 11.5 Necromancy
 * Level 11.5 Translocations
   Level 0.0 Transmutations
 * Level 11.5 Fire Magic
 * Level 11.5 Ice Magic
 * Level 11.5 Air Magic
 * Level 11.5 Earth Magic
 * Level 11.5 Alchemy
 + Level 4.1 Invocations


You knew the following spells:

 Your Spells              Type           Power      Damage    Failure   Level
a - Foxfire               Conj/Fire      100%       2x1d9     1%          1
b - Searing Ray           Conj           100%       2d8       1%          2
c - Flame Wave            Conj/Fire      55%        2d13      1%          4
d - Inner Flame           Hex/Fire       55%        N/A       1%          3
e - Volatile Blastmotes   Fire/Tloc      100%       2d18      1%          3
f - Slow                  Hex            100%       N/A       1%          1
g - Scorch                Fire           100%       2d9       1%          2
h - Static Discharge      Conj/Air       100%       3-8/arc   1%          2
i - Sticky Flame          Fire/Alch      55%        2d10      1%          4
j - Anguish               Hex/Necr       27%        N/A       1%          4
Your spell library was empty.

Dungeon Overview and Level Annotations

Branches:
Dungeon (9/15)             Temple (1/1) D:7            Lair (1/5) D:9
Ossuary (visited)
    Orc: D:9-12

Altars:
Ashenzari
Dithmenos
Elyvilon
Fedhas
Gozag
Hepliaklqana
Makhleb
Nemelex Xobeh
Okawaru
Qazlal
Ru
Trog
Uskayaw
Wu Jian
Xom
Yredelemnul
Zin
The Shining One
Lugonu

Shops:
D:5 :?   D:6 [   D:8 (   D:9 =

Annotations:
D:4 1 runed translucent door, Crazy Yiuf
D:9 3 runed translucent doors, KineticRobot's ghost, journeyman MiFi
Lair:1 Nergalle


Innate Abilities, Weirdness & Mutations

You are immune to sickness and miasma.
You are immune to poison.
Your flesh is very heat resistant. (rF++)
You are vulnerable to cold. (rC-)
You float through the air rather than walking.
You learn spells naturally, not from books.
Your magical power is your life essence.
You have superior vitality. (+4 MHP)


Message History

You can't see any susceptible monsters within range! (Use Z to cast anyway.)
Casting: Foxfire (safe; 1% risk of failure)
Confirm with . or Enter, or press ? or * to list all spells.
You conjure some foxfire!
The foxfire hits the black mamba.
The black mamba is lightly wounded.
Nergalle the Soulbinder comes into view.
She is wielding a +0 dagger.
The foxfire hits the black mamba.
The black mamba is moderately wounded.
A wyvern comes into view.
The foxfire hits the black mamba.
The black mamba is moderately wounded.
Found a stone staircase leading down.
The black mamba bites you! The black mamba barely misses you.
The black mamba bites you! The black mamba closely misses you.
The black mamba closely misses you. The black mamba bites you.
The black mamba attacks as it pursues you!
The black mamba misses you. The black mamba bites you!
The black mamba completely misses you.
The black mamba bites you but does no damage.
The wyvern attacks as it pursues you! The wyvern bites you!
The black mamba bites you. The wyvern bites you!
* * * LOW HITPOINT WARNING * * *
Nergalle casts a spell at you.
Orcish apparitions take form around you.
Casting: Foxfire (safe; 1% risk of failure)
Confirm with . or Enter, or press ? or * to list all spells.
Casting: Flame Wave (mildly dangerous; 1% risk of failure)
Press: ? - help, Dir - look around, f - activate A wave of flame ripples out!
The flame wave engulfs the black mamba!
The black mamba is heavily wounded.
The flame wave engulfs the wyvern!!
The wyvern is severely wounded. (Press . to intensify the flame waves.)
* * * LOW HITPOINT WARNING * * *
The black mamba bites you!
You die...

#.#..............
#........o......>
#.##...#.......#.
##......#.......#
##..###.##.......# .
#.#.#............#..
###.#......Z........
#.#..#.#.Sk.Z....#
##.##.#....@....#.#
#.......#.††.......
#.##.###.#Z†<......#
###......#.......#.#
#.##.#.#.........#
##......#.......#..
#..#..#.#.......# .
##.#..............
#....#.........#..


You could see Nergalle, a spectral orc (summoned), a spectral orc warrior
(summoned), a spectral orc knight (summoned), a black mamba and a wyvern.

Vanquished Creatures
  Gastronok (D:8)
  Erolcha (D:9)
  A two-headed ogre (D:6)
  Amaemon (D:9)
  An orange demon (D:9)
  An unseen horror (D:9)
  A komodo dragon (Lair:1)
  A polar bear (Lair:1)
  2 hornets
  2 wraiths (D:9)
  11 yaks
  2 wyverns
  2 steam dragons
  2 water moccasins
  2 orc warriors
  2 black bears
  4 ogres
  A centaur (D:6)
  A weeping skull (Ossuary)
  2 kobold brigands
  3 bullfrogs
  3 scorpions
  6 water moccasin zombies (Ossuary)
  5 killer bees (D:9)
  A spectral scorpion (Ossuary)
  2 jellies
  2 hounds
  4 orc priests
  A gnoll bouda (D:6)
  3 iguanas
  5 orc wizards
  2 sleepcaps (D:5)
  A crocodile zombie (Ossuary)
  A bullfrog simulacrum (Ossuary)
  2 mummies (Ossuary)
  8 gnolls
  15 adders
  3 shadow imps
  A white imp (D:6)
  2 dart slugs (D:4)
  2 ribbon worms (D:2)
  33 orcs
  8 ball pythons
  3 bats
  3 endoplasms
  4 giant cockroaches
  10 gnoll zombies (Ossuary)
  6 goblins
  4 hobgoblins
  7 jackals
  A quokka (D:2)
  2 frilled lizards (D:1)
  3 jackal zombies (Ossuary)
  12 kobolds
  6 orc zombies (Ossuary)
  7 rats
222 creatures vanquished.

Vanquished Creatures (others)
  347 foxfires
347 creatures vanquished.

Grand Total: 569 creatures vanquished

Notes
Turn   | Place    | Note
-------+----------+-------------------------------------------
     0 | D:1      | gohu the Djinni Fire Elementalist began the quest for the
                  | Orb.
     0 | D:1      | gohu set off with the following spells memorised: Foxfire,
                  | Scorch, Volatile Blastmotes, Inner Flame, Flame Wave.
     0 | D:1      | Reached XP level 1. HP: 15/15 MP: 0/0
   148 | D:1      | Reached XP level 2. HP: 20/21 MP: 0/0
   512 | D:2      | Reached XP level 3. HP: 23/25 MP: 0/0
   512 | D:2      | Learned a level 1 spell: Slow
   846 | D:2      | Reached XP level 4. HP: 29/31 MP: 0/0
  1513 | D:3      | Reached XP level 5. HP: 35/35 MP: 0/0
  1513 | D:3      | Learned a level 2 spell: Searing Ray
  1622 | D:3      | Found a stormy altar of Qazlal.
  1625 | D:3      | Found a hide-covered altar of Uskayaw.
  1912 | D:4      | Reached skill level 5 in Spellcasting
  1912 | D:4      | Reached skill level 5 in Conjurations
  1912 | D:4      | Reached skill level 5 in Hexes
  1912 | D:4      | Reached skill level 5 in Summonings
  1912 | D:4      | Reached skill level 5 in Necromancy
  1912 | D:4      | Reached skill level 5 in Translocations
  1912 | D:4      | Reached skill level 5 in Fire Magic
  1912 | D:4      | Reached skill level 5 in Ice Magic
  1912 | D:4      | Reached skill level 5 in Air Magic
  1912 | D:4      | Reached skill level 5 in Earth Magic
  1912 | D:4      | Reached skill level 5 in Alchemy
  1966 | D:4      | Found a sparkling altar of Nemelex Xobeh.
  2046 | D:4      | Reached XP level 6. HP: 25/40 MP: 0/0
  2139 | D:4      | Noticed an ogre
  2152 | D:4      | Killed an ogre
  2428 | D:4      | Noticed an ogre
  2436 | D:4      | Killed an ogre
  2437 | D:4      | Reached XP level 7. HP: 41/45 MP: 0/0
  2437 | D:4      | Learned a level 2 spell: Static Discharge
  2538 | D:4      | Found a runed translucent door.
  2539 | D:4      | Noticed Crazy Yiuf
  2930 | D:5      | Entered Level 5 of the Dungeon
  3001 | D:5      | Found a burning altar of Makhleb.
  3010 | D:5      | Became a worshipper of Makhleb the Destroyer
  3202 | D:5      | Reached XP level 8. HP: 46/50 MP: 0/0
  3524 | D:5      | Found Soqob's Magic Scroll Emporium.
  3632 | D:5      | Found Amest's Tiny Tomes.
  4188 | D:5      | Bought a scroll of teleportation for 42 gold pieces
  4188 | D:5      | Bought a scroll of teleportation for 42 gold pieces
  4188 | D:5      | Bought a scroll of identify for 28 gold pieces
  4188 | D:5      | Bought a scroll of fog for 56 gold pieces
  4188 | D:5      | Bought a scroll of noise for 14 gold pieces
  4307 | D:6      | Reached skill level 1 in Fighting
  4340 | D:6      | Noticed a two-headed ogre
  4521 | D:6      | Noticed a hornet
  4774 | D:6      | Found a sand-covered staircase.
  4779 | Ossuary  | Entered an ossuary
  4857 | Ossuary  | Reached * piety under Makhleb
  5048 | Ossuary  | Reached XP level 9. HP: 51/59 MP: 0/0
  5048 | Ossuary  | Learned a level 4 spell: Sticky Flame
  5133 | Ossuary  | Reached ** piety under Makhleb
  5411 | D:6      | Killed a hornet
  5450 | D:6      | Found Coha's Armour Emporium.
  5698 | D:6      | Killed a two-headed ogre
  5699 | D:6      | Reached skill level 5 in Fighting
  5842 | D:6      | Found an ornate altar of the Wu Jian Council.
  5872 | D:6      | Found a white marble altar of Elyvilon.
  5972 | D:7      | Found a staircase to the Ecumenical Temple.
  5980 | Temple   | Entered the Ecumenical Temple
  6003 | D:7      | Reached XP level 10. HP: 61/70 MP: 0/0
  6207 | D:7      | Reached skill level 10 in Spellcasting
  6207 | D:7      | Reached skill level 10 in Conjurations
  6207 | D:7      | Reached skill level 10 in Hexes
  6207 | D:7      | Reached skill level 10 in Summonings
  6207 | D:7      | Reached skill level 10 in Necromancy
  6207 | D:7      | Reached skill level 10 in Translocations
  6207 | D:7      | Reached skill level 10 in Fire Magic
  6207 | D:7      | Reached skill level 10 in Ice Magic
  6207 | D:7      | Reached skill level 10 in Air Magic
  6207 | D:7      | Reached skill level 10 in Earth Magic
  6207 | D:7      | Reached skill level 10 in Alchemy
  6945 | D:8      | Reached *** piety under Makhleb
  7053 | D:8      | Found an iron altar of Okawaru.
  7137 | D:8      | Found Qanimp's Weapon Shoppe.
  7311 | D:8      | Found a glowing silver altar of Zin.
  7312 | D:8      | Found a glowing golden altar of the Shining One.
  7312 | D:8      | Found a bloodstained altar of Trog.
  7313 | D:8      | Found a shimmering altar of Xom.
  7538 | D:8      | Noticed Gastronok
  7596 | D:8      | Killed Gastronok
  7597 | D:8      | Reached skill level 1 in Armour
  7597 | D:8      | Reached skill level 1 in Invocations
  8073 | D:9      | Noticed Amaemon
  8076 | D:9      | Noticed an orange demon
  8092 | D:9      | Killed Amaemon
  8098 | D:9      | Killed an orange demon
  8099 | D:9      | Reached XP level 11. HP: 64/78 MP: 0/0
  8099 | D:9      | Learned a level 4 spell: Anguish
  8264 | D:9      | Reached **** piety under Makhleb
  8372 | D:9      | Found a hazy altar of Hepliaklqana.
  8565 | D:9      | Noticed Erolcha
  8592 | D:9      | Killed Erolcha
  8742 | D:9      | Found Foegieng's Jewellery Shop.
  8978 | D:9      | Found a staircase to the Lair.
  8985 | D:9      | Found a runed translucent gate.
  8985 | D:9      | Found a runed translucent gate.
  8986 | D:9      | Found a runed translucent gate.
  8999 | D:9      | Noticed KineticRobot's ghost (journeyman MiFi)
  9160 | Lair:1   | Entered Level 1 of the Lair of Beasts
  9172 | Lair:1   | Reached skill level 5 in Dodging
  9316 | Lair:1   | Noticed Nergalle
  9334 | Lair:1   | Slain by a black mamba

Illustrated notes

Levels and vault maps discovered:
D:1:      erik_arrival_blinker_ship, layout_rooms
D:2:      layout_loops_ring
D:3:      layout_loops_cross, gammafunk_temple_overflow_pools, hex_tiny,
          chequers_serial_rivers_small_a, nrook_uturn
D:4:      layout_cave_pods, nemelex_spade_bored_becter, minmay_misc_feat_roman,
          uniq_crazy_yiuf_cottage
D:5:      layout_cave_pods, mainiacjoe_overflow_brackets, serial_shops,
          nicolae_shop_advertising_works [nicolae_subvault_shop_adworks],
          minmay_gold_behind_fungi, minmay_misc_feat_secret_circle,
          corexii_leaking_fountain, nicolae_shop_i_like_small_books_too
D:6:      nicolae_cairo_tiling_very_big, layout_loops_ring,
          mainiacjoe_overflow_two_lobes, serial_shops, nicolae_shop_stone,
          enter_ossuary_5, grunt_ministairs_10, minmay_misc_feat_more_columns
D:7:      layout_rooms, minmay_temple_entry_tees
D:8:      layout_loops_ring, grunt_temple_overflow_magic_moments,
          kennysheep_okawaru_gauntlet,
          chequers_temple_overflow_statue_of_worship, serial_shops,
          nicolae_shop_bloodbath_and_beyond, special_room [special_room_orc],
          uniq_gastronok
D:9:      layout_rooms, nicolae_hepliaklqana_hazy_memory, lair_entry_dummy,
          gammafunk_ghost_spectres, serial_shops, shop, uniq_amaemon,
          uniq_erolcha
Temple:   corrupted_temple
Lair:1:   layout_gridlike, portal_ice_cave_demonic_guard, patterned_corridor,
          uniq_nergalle

Skill      XL: |  1  2  3  4  5  6  7  8  9 10 11 |
---------------+----------------------------------+-----
Spellcasting   | 4 5 6 7 8 9 10 11 | 11.5
Conjurations   | 4 5 6 7 8 9 10 11 | 11.5
Hexes          | 4 5 6 7 8 9 10 11 | 11.5
Summonings     | 4 5 6 7 8 9 10 11 | 11.5
Necromancy     | 4 5 6 7 8 9 10 11 | 11.5
Translocations | 4 5 6 7 8 9 10 11 | 11.5
Fire Magic     | 4 5 6 7 8 9 10 11 | 11.5
Ice Magic      | 4 5 6 7 8 9 10 11 | 11.5
Air Magic      | 4 5 6 7 8 9 10 11 | 11.5
Earth Magic    | 4 5 6 7 8 9 10 11 | 11.5
Alchemy        | 4 5 6 7 8 9 10 11 | 11.5
Fighting       | 2 5 6 7 |  7.4
Armour         | 2 4 |  4.1
Dodging        | 3 5 |  5.2
Invocations    | 2 4 |  4.1
Stealth        | |  1.5

Action                     |  1- 3 |  4- 6 |  7- 9 | 10-12 || total
---------------------------+-------+-------+-------+-------++-------
  Melee: Unarmed           |       |       |     4 |       ||     4
   Cast: Foxfire           |    41 |    47 |    57 |    56 ||   201
         Scorch            |     9 |     7 |       |       ||    16
         Searing Ray       |       |    17 |    60 |    25 ||   102
         Volatile Blastmot |       |     5 |    21 |    38 ||    64
         Flame Wave        |       |       |    11 |    35 ||    46
         Anguish           |       |       |       |     1 ||     1
    Use: Scroll            |       |       |     9 |     3 ||    12
         Potion            |       |       |       |     1 ||     1
 Armour: Robe              |     3 |     9 |    35 |    12 ||    59
         Steam dragon scal |       |       |       |    46 ||    46
  Dodge: Dodged            |     2 |     5 |    33 |    50 ||    90
